Map: The Vermillion Problem

Players

Hoskel

  • Race: Zerg Zerg
  • Spawn Location: 11:00

NamroodTuo

  • Race: Terran Terran

VOD

Have the link to the VOD?

Description

Time

  • Played on: April 15, 2023, 10 a.m.
  • Length: 22:37
Show
View Real Time Build Order
Export as new Build Order

Hoskel Zerg 

Build Orders:  

Get SALT Encoding   

  6  0:10  Drone x2  
  6  0:17  Drone x2  
  8  0:26  Drone x2  
  9  0:35  Drone x2  
  10  0:45  Drone x2  
  11  0:53  Drone x2  
  12  1:00  Drone x2  
  12  1:07  Drone x2  
  14  1:13  Extractor x2  
  14  1:19  Drone x2  
  14  1:27  Overlord  
  14  1:50  Spawning Pool  
  14  1:52  Drone x2  
  14  2:01  Drone x2  
  14  2:03  Drone x2  
  16  2:15  Drone x2  
  17  2:32  Evolution Chamber  
  17  2:33  Metabolic Boost  
  17  2:39  Swarmling x6  
  21  2:40  Swarmling x3  
  21  2:56  Centrifugal Hooks  
  21  3:03  Baneling Nest  
  21  3:06  Overlord x2  
  21  3:35  Heroic Fortitude  
  21  3:51  Lair  
  23  4:15  Hatchery  
  24  4:40  Drone x2  
  24  4:41  Drone x10  
  30  5:02  Swarmling x3  
  30  5:05  Drone x2  
  35  5:10  Medusa Blades  
  34  5:34  Swarmling x3  
  34  5:35  Swarmling x12  
  36  5:50  Extractor  
  36  5:51  Extractor  
  35  6:05  Hardened Carapace  
  35  6:07  Corrosive Acid  
  35  6:27  Drone x2  
  35  6:28  Drone x8  
  40  6:39  Zerg Ground Armor Level 1  
  42  6:54  Overlord x6  
  46  7:41  Drone x6  
  49  7:56  Evolution Chamber, Hive  
  50  8:39  Swarmling x15  
  66  8:40  Swarmling x21  
  66  8:57  Unknown  
  61  9:26  Swarmling x3  
  61  9:27  Swarmling x21  
  71  9:59  Adrenal Overload  
  70  10:00  Zerg Ground Armor Level 2  
  70  10:02  Rupture  
  73  10:59  Shredding Claws  
  67  11:32  Unknown  
  59  12:04  Swarmling x24  
  59  12:05  Swarmling x12  
  59  12:09  Queen  
  62  13:09  Hatchery  
  55  14:16  Swarmling x3  
  55  14:17  Swarmling x33  
  73  14:44  Drone x6  
  73  14:45  Drone x2  
  73  14:46  Overlord  
  77  14:52  Spore Crawler  
  77  14:55  Swarmling x3  
  77  14:56  Swarmling x12  
  77  14:59  Overlord  
  86  15:25  Spore Crawler  
  86  15:28  Spore Crawler  
  82  15:33  Spore Crawler  
  83  15:49  Spore Crawler  
  76  16:05  Spine Crawler x2  
  81  17:14  Zerg Ground Armor Level 3  
  87  18:50  Hatchery  
  87  18:52  Drone x12  
  94  19:34  Hatchery x2  
  94  19:35  Hatchery  
  94  19:38  Hatchery  
  94  19:39  Hatchery x2  
  93  19:40  Hatchery  
  93  19:43  Hatchery  
  93  19:44  Hatchery  
  93  20:24  Unknown  
  95  20:46  Overlord  
  95  20:47  Overlord x13  
  95  20:48  Overlord x23  
  94  21:46  Hatchery x2  
  94  21:49  Hatchery  
  93  21:51  Hatchery  
  92  22:07  Hatchery  
Show
View Real Time Build Order
Export as new Build Order

NamroodTuo Terran 

Build Orders:  

Get SALT Encoding   

  12  0:04  SCV  
  13  0:21  SCV  
  14  0:38  SCV  
  14  0:39  Engineering Bay  
  15  0:52  Refinery  
  15  0:55  SCV  
  16  1:11  Refinery  
  16  1:12  SCV  
  17  1:29  SCV  
  18  1:33  Gunslingers Hideout  
  18  1:46  SCV  
  19  2:03  SCV  
  20  2:18  Auto-Turret  
  20  2:45  Auto-Turret  
  20  2:48  SCV  
  21  2:54  Outlaw Weapons Level 1  
  21  3:01  Tychus  
  21  3:05  SCV  
  22  3:44  SCV  
  23  4:01  SCV  
  24  4:18  SCV  
  25  4:24  Command Center  
  25  4:27  Auto-Turret  
  25  4:35  SCV  
  26  4:54  SCV, ITC-E Triggers  
  27  5:11  SCV  
  27  5:13  Auto-Turret  
  28  5:28  SCV  
  29  5:45  SCV  
  30  6:02  SCV  
  31  6:19  SCV  
  32  6:35  SCV  
  33  6:52  SCV  
  34  7:06  James Sirius Sykes  
  44  7:26  Command Center  
  44  8:11  SCV  
  45  8:28  SCV, Flashforce GDM Visor, Muscle Armory  
  46  8:40  Fixers Safehouse  
  46  8:45  SCV  
  46  8:46  Medivac Platform  
  47  9:02  SCV  
  48  9:19  SCV  
  49  9:58  Endurance Supplements  
  49  10:07  Lt Layna Nikara  
  59  11:14  SCV  
  60  11:22  Kel-Morian Ripper Rounds  
  60  11:28  Outlaw Life and Armor Level 1  
  60  11:31  SCV  
  61  11:47  SCV  
  62  11:58  Nux  
  72  12:04  SCV  
  73  12:21  SCV  
  74  12:38  SCV  
  75  13:28  Outlaw Weapons Level 2  
  75  15:48  Outlaw Life and Armor Level 2  
  75  16:00  SCV  
  76  16:17  SCV  
  76  16:19  Auto-Turret  
  77  16:34  SCV  
  77  16:36  Refinery  
  77  16:37  Refinery  
  78  16:46  Auto-Turret  
  78  16:51  SCV, Crooked Sam  
  89  17:08  SCV  
  90  17:14  Auto-Turret  
  90  17:35  Auto-Turret  
  90  18:03  Auto-Turret  
  90  18:08  Outlaw Weapons Level 3  
  90  18:34  Auto-Turret  
  90  19:03  Auto-Turret  
  90  19:31  Auto-Turret, Crystalline Amplifiers  
  90  19:32  T4 Cloudburst Shells  
  90  19:33  Procyon Serum, Ultrasonic Boosters, Umojan Repair Nanites  
  90  19:34  Procyon Twin Heal Beam Gauntlet  
  90  19:54  Moebius Restraint Matrix  
  90  20:00  Auto-Turret  
  90  20:24  Moebius M34 Terror Rounds  
  90  21:59  SA-55 Thunderbolt Missiles, Vanadium Shell  
  90  22:01  KD9a Implosion Core  
Tags
 
Add a new tag
Caveats
  • Supply blocks, unpowered buildings, or Contaminate may cause inaccurate times.
  • Supply counts are checked every 10 seconds.